 Dungeon Crawl Stone Soup version 0.19-a0-1889-g9c603be (webtiles) character file.

81 dorian the Unweaver (level 4, -11/39 HPs)
             Began as a Hill Orc Abyssal Knight on Oct 17, 2016.
             Was a Follower of Lugonu.
             Mangled by anet's ghost (15 damage)
             ... on level 3 of the Dungeon.
             The game lasted 00:03:54 (2309 turns).

dorian the Unweaver (Hill Orc Abyssal Knight)       Turns: 2309, Time: 00:03:55

Health: -11/39     AC:  4    Str: 15    XL:     4   Next: 42%
Magic:  7/7        EV: 11    Int: 12    God:    Lugonu [*.....]
Gold:   94         SH:  0    Dex: 10    Spells: 0 memorised, 3 levels left

rFire  . . .     SeeInvis .     a - +1 falchion
rCold  . . .     Gourm    .     b - +1 leather armour
rNeg   . . .     Faith    .     (no shield)
rPois  .         Spirit   .     (no helmet)
rElec  .         Reflect  .     (no cloak)
rCorr  .         Harm     .     (no gloves)
MR     .....                    (no boots)
Stlth  +.........               (no amulet)
                                (no ring)
                                (no ring)

@: no status effects
A: no striking features
a: Depart the Abyss, Renounce Religion


You were on level 3 of the Dungeon.
You worshipped Lugonu.
Lugonu was aware of your devotion.
You were not hungry.

You visited 1 branch of the dungeon, and saw 3 of its levels.
You visited the Abyss 1 time.

You collected 94 gold pieces.

Inventory:

Hand Weapons
 a - a +1 falchion (weapon)
 o - a +0 long sword
Missiles
 i - 6 javelins (quivered)
Armour
 b - a +1 leather armour (worn)
Jewellery
 f - an uncursed ring of ice
 h - an uncursed ring of loudness
Scrolls
 d - 2 scrolls of identify
 e - a scroll of enchant armour
 m - a scroll of blinking {unknown}
 p - a scroll of fear {unknown}
 r - a scroll of amnesia {unknown}
 s - a scroll of immolation {unknown}
Potions
 g - a potion of magic
 k - a potion of haste {unknown}
 n - a potion of might {unknown}
 q - a potion of heal wounds
Comestibles
 c - 3 bread rations


   Skills:
 - Level 3.6 Fighting
 + Level 4.0 Long Blades
 - Level 2.1 Armour
 - Level 0.7 Dodging
 + Level 4.2 Invocations


You had 3 spell levels left.
You didn't know any spells.

Dungeon Overview and Level Annotations

Branches:
Dungeon (3/15)

Altars:

Annotations:
D:3 anet's ghost, amateur HEMo


Message History

You hit anet's ghost.
Anet's ghost is lightly damaged.
Anet's ghost hits you.
You barely miss anet's ghost.
Anet's ghost is lightly damaged.
Anet's ghost closely misses you.
You barely miss anet's ghost.
Anet's ghost is lightly damaged.
Anet's ghost hits you!
You hit anet's ghost but do no damage.
Anet's ghost is lightly damaged.
Anet's ghost misses you.
You riposte.
You hit anet's ghost.
Anet's ghost is lightly damaged.
Anet's ghost hits you!
You closely miss anet's ghost.
Anet's ghost is lightly damaged.
Anet's ghost hits you!
* * * LOW HITPOINT WARNING * * *
Anet's ghost hits you!
You die...

#.##.##.#[#..# #...# #..) #.
#.##......# #...# ####
##.##.####.##.# #...# #
...........##.# #...# #
..##.......##.##### #...# # #.
#.##...........# ###.# #
........##.#)####.# #.#######
#.##.##.##.#.####.#######.#......
. #. .....#.#..@W......#.#.#####
.....####.#.##.#####.....## #
##### #.......# #.......# #
#.##.#.## #.##.##.#### #.##.#.#
#.#..##..... #.##.#.#
#.#.###..#.# #.##.#.#
#.#.###...## #.##.#.# #.........#
#......# #.....##..##


You could see anet's ghost.

Vanquished Creatures
  3 adders
  An ooze (D:1)
  A worm (D:2)
  A dart slug (D:3)
  A leopard gecko (D:1)
  An orc (D:3)
  5 bats
  A giant cockroach (D:1)
  4 goblins
  7 hobgoblins
  4 jackals
  A quokka (D:2)
  A ball python (D:1)
  2 frilled lizards
  4 kobolds
  5 rats
42 creatures vanquished.

Notes
Turn   | Place    | Note
-------+----------+-------------------------------------------
     0 | Abyss:1  | dorian the Hill Orc Abyssal Knight began the quest for the Orb.
     0 | Abyss:1  | Reached XP level 1. HP: 19/19 MP: 2/2
    37 | Abyss:1  | Noticed a bone dragon
    37 | D:1      | Escaped the Abyss
    67 | D:1      | Reached XP level 2. HP: 26/26 MP: 4/4
   307 | D:1      | Reached * piety under Lugonu
   318 | D:1      | Reached XP level 3. HP: 22/31 MP: 5/5
  1668 | D:3      | Noticed anet's ghost (amateur HEMo)
  1777 | D:3      | Reached XP level 4. HP: 32/39 MP: 7/7
  1879 | D:3      | HP: 1/39 [poisoned by an adder]
  2309 | D:3      | Mangled by anet's ghost

Vault maps used:
D:1:      roderic_crossed_star
D:2:      kennysheep_cluttered_room

Skill      XL: |  1  2  3  4 |
---------------+-------------+-----
Invocations    | 3 4 |  4.2
Long Blades    | 3 4 |  4.0
Fighting       | |  3.6
Armour         | |  2.1
Dodging        | |  0.7

Action                   |  1- 3 |  4- 6 || total
-------------------------+-------+-------++-------
Melee: Falchion          |   114 |    39 ||   153
Invok: Depart the Abyss  |     1 |       ||     1
  Use: Scroll            |       |     3 ||     3
       Potion            |       |     1 ||     1
  Eat: Chunk             |     3 |       ||     3
       Meat ration       |       |     1 ||     1
Armor: Leather armour    |    33 |     7 ||    40
Dodge: Dodged            |    88 |    31 ||   119
       Rpst.: Falchion   |    27 |     8 ||    35
